 BcadrenCrawl: Boulder Brew version 0.04.2-8-g55e6626f09 (webtiles) character file.

Game seed: 4013490275503595847, levelgen mode: deterministic

53 diana the Skirmisher (level 3, 0/33 HPs) Immature Draconian Demigod. Began on Apr 29, 2021. Splashed by a jelly's acid (5 damage) ... on level 2 of the Dungeon. The game lasted 00:00:49 (851 turns).

diana the Skirmisher (Immature Draconian Demigod)    Turns: 851, Time: 00:00:50

Health: 0/33       AC: -2    Str: 19    XL:     3 ^: 39
Magic:  5/5        EV: 13    Int: 15    God:
Gold:   111        SH:  0    Dex: 13    Spells: 3/4 levels left

rFire    . . .     Vision   .     - Unarmed
rCold    . . .     Gourm    .     - Unarmed
rNeg     . . .     Faith    .   (armour unavailable)
rPois    .         Spirit   .   (helmet restricted)
rElec    .         Reflect  .   (no cloak)
rCorr    .         Harm     .   (no gloves)
MR       .....                  (no boots)
Stlth    ++........             (no amulet)
HPRegen  0.21/turn              (no ring)
MPRegen  0.15/turn              (no ring)

@: corroded
A: no body armour, unfitting armour, high mp 1, cold-blooded, AC +6
a: Breathe Dart


You were on level 2 of the Dungeon.
You were not hungry.

You visited 1 branch of the dungeon, and saw 2 of its levels.

You collected 111 gold pieces.

Inventory:

Scrolls
 a - a scroll of teleportation
 c - 3 scrolls of enchantment
Potions
 d - a potion of resistance
 e - a potion of curing
 f - a potion of might
 g - a potion of haste
Comestibles
 b - 2 rations


   Skills:
 * Level 2.9 Fighting
 + Level 2.7 Dodging
 - Level 1.3 Stealth
 + Level 2.2 Unarmed Combat
 - Level 1.3 Spellcasting
 - Level 1.5 Fire Magic


You had 3 spell levels left.
You knew the following spells:

 Your Spells              Type           Power        Failure   Level  Hunger
a - Flame Tongue          Fire           5 (30)       13%         1    ##.....

Your spell library contained the following spells:

 Spells                   Type           Power        Failure   Level  Hunger
 Blink                    Tloc           N/A          34%         2    ###....
 Call Imp                 Summ           1 (100)      34%         2    ###....
 Slow                     Hex            1 (100)      34%         2    ###....
 Conjure Flame            Fire           5 (100)      36%         3    ####...
 Mephitic Cloud           Pois/Air       1 (100)      56%         3    ####...


Dungeon Overview and Level Annotations

Branches:
Dungeon (2/8)


Innate Abilities, Weirdness & Mutations

You cannot fit into any form of body armour.
Your plain brown scales are resilient. (AC +6)
You can breathe rudimentary magical darts.
You have an increased reservoir of magic. (+10% MP)
You are cold-blooded and may be slowed by cold attacks.


Message History

You are too injured to fight recklessly!
You are too injured to fight recklessly!
You are too injured to fight recklessly!
You are too injured to fight recklessly!
You are too injured to fight recklessly!
You are too injured to fight recklessly!
You are too injured to fight recklessly!
You are too injured to fight recklessly!
You are too injured to fight recklessly!
You are too injured to fight recklessly!
You are too injured to fight recklessly!
You are too injured to fight recklessly!
You are too injured to fight recklessly!
You are too injured to fight recklessly!
You are too injured to fight recklessly!
You are too injured to fight recklessly!
You hit the jelly but do no damage.
Your hands burn (5).
* * * LOW HITPOINT WARNING * * *
You hit the jelly but do no damage.
Your hands burn (5).
You die...

≈≈≈≈≈ ≈b≈b≈≈#
#### b≈≈≈≈≈#
##PP##≈P≈≈≈≈.
#P...#bP≈≈≈≈#
#≈P....P≈≈≈≈#
#<....P≈≈≈.#
.≈###..#.≈PP..≈
..≈..≈≈.≈@J....≈.
≈.≈≈.≈≈≈≈≈≈.≈≈..≈
≈≈...≈≈≈≈≈≈.bbb..
≈≈≈.≈≈≈≈≈≈≈≈.≈≈≈≈
.≈≈.≈≈≈≈≈≈≈≈.≈≈≈≈
....≈≈≈≈≈≈≈≈...?≈
≈≈≈.≈≈≈≈≈≈≈≈.≈≈.≈
...≈.....≈w≈PP.


You could see a worm (sleeping) and a jelly.

Vanquished Creatures
  2 giant cockroaches (D:1)
  A cinder newt (D:1)
  An ooze (D:1)
  3 goblins (D:1)
  2 hobgoblins (D:1)
  2 bats (D:1)
  2 kobolds (D:1)
  2 rats (D:1)
15 creatures vanquished.

Notes
Turn   | Place    | Note
-------+----------+-------------------------------------------
     0 | D:1      | diana the Immature Draconian Demigod began the quest for
                  | the Orb.
     0 | D:1      | Reached XP level 1. HP: 18/18 MP: 3/3
   510 | D:1      | Reached XP level 2. HP: 26/26 MP: 4/4
   728 | D:1      | Reached XP level 3. HP: 33/33 MP: 5/5
   851 | D:2      | Splashed by a jelly's acid

Levels and vault maps discovered:
D:1:      erik_arrival_triangle_medium, layout_basic
D:2:      layout_sewer, first_ration

Skill      XL: |  1 |
---------------+----+-----
Fighting       | 2 |  2.9
Unarmed Combat | 2 |  2.2
Dodging        | |  2.7
Stealth        | |  1.3
Spellcasting   | |  1.3
Fire Magic     | |  1.5

Action                   || total
-------------------------++-------
Melee: Unarmed           ||    42
       Tailslap          ||     1
 Stab: Sleeping          ||     3
Armor: Skin              ||     2
Dodge: Dodged            ||     5
